 Dungeon Crawl Stone Soup version 0.28-a0-1002-gf00fe891ef (webtiles) character file.

Game seed: 1427695751086538874

12032 r3xj the Bludgeoner (level 11, -13/94 HPs)
             Began as a Minotaur Berserker on Dec 6, 2021.
             Was a Priest of Trog.
             Mangled by an orc knight (30 damage)
             ... on level 13 of the Dungeon.
             The game lasted 00:39:41 (16111 turns).

r3xj the Bludgeoner (Minotaur Berserker)           Turns: 16111, Time: 00:39:42

Health: -13/94     AC: 11    Str: 25    XL:     11   Next: 57%
Magic:  10/10      EV: 13    Int:  4    God:    Trog [***...]
Gold:   234        SH: 11    Dex: 17    Spells: 10/10 levels left

rFire   . . .      SeeInvis .   d - +2 flail
rCold   . . .      Faith    .   X - +0 kite shield
rNeg    . . .      Spirit   .   C - +3 ring mail {Will+}
rPois   .          Reflect  .   q - +1 hat
rElec   .          Harm     .   Q - scarf {shadows}
rCorr   .          Rampage  .   (no gloves)
Will    ++...                   (no boots)
Stlth   +.........              (no amulet)
HPRegen 0.25/turn               t - +6 ring of dexterity
MPRegen 0.12/turn               V - ring of willpower

@: mighty, on berserk cooldown, slowed, very slow
A: horns 2, retaliatory headbutt
a: Renounce Religion, Berserk, Trog's Hand


You were on level 13 of the Dungeon.
You worshipped Trog.
Trog was most pleased with you.
You visited 2 branches of the dungeon, and saw 14 of its levels.

You collected 582 gold pieces.
You spent 348 gold pieces at shops.

Inventory:

Hand Weapons
 a - a +0 mace
 d - a +2 flail (weapon)
 f - a +1 flail of holy wrath
 g - a +3 short sword of venom
 G - a +3 battleaxe
 I - the +0 halberd "Bijae" {spect, rC+}
   (You found it on level 6 of the Dungeon)

   When its wielder attacks, the weapon's spirit leaps out and strikes again.
   The spirit shares a part of any damage it takes with its wielder.
   rC:        It protects you from cold.
 W - a +5 trident
 Y - a +0 broad axe
Missiles
 v - 51 poisoned darts (quivered)
Armour
 q - a +1 hat (worn)
 C - a +3 ring mail of willpower (worn)
 Q - a scarf of shadows (worn)
 X - a +0 kite shield (worn)
Jewellery
 i - a +6 ring of intelligence
 t - a +6 ring of dexterity (left hand)
 A - a ring of ice
 V - a ring of willpower (right hand)
Wands
 l - a wand of mindburst (4)
 r - a wand of flame (15)
 J - a wand of acid (2)
 N - a wand of iceblast (11)
 P - a wand of polymorph (15)
Scrolls
 b - a scroll of acquirement {unknown}
 c - 3 scrolls of vulnerability {unknown}
 j - a scroll of torment {unknown}
 k - 3 scrolls of magic mapping {unknown}
 m - 8 scrolls of teleportation
 p - 5 scrolls of fear {unknown}
 s - a scroll of immolation {unknown}
 B - a scroll of silence {unknown}
 R - 2 scrolls of enchant weapon {unknown}
 S - a scroll of enchant armour {unknown}
Potions
 e - a potion of berserk rage
 n - a potion of mutation
 o - 2 potions of haste
 u - 2 potions of heal wounds
 D - 5 potions of curing
 E - 2 potions of resistance
 H - a potion of lignification
 O - 2 potions of might
 T - a potion of flight
 U - a potion of magic


   Skills:
 + Level 8.0 Fighting
 - Level 16.0 Maces & Flails
 + Level 9.4 Armour
 + Level 7.2 Dodging
 * Level 7.2 Shields


You had 10 spell levels left.
You didn't know any spells.
Your spell library was empty.

Dungeon Overview and Level Annotations

Branches:
Dungeon (12/15)            Temple (1/1) D:5            Lair (0/6) D:9
    Orc (0/2) D:9          Vaults (0/5) D:13

Altars:
Ashenzari
Cheibriados
Dithmenos
Elyvilon
Fedhas
Gozag
Hepliaklqana
Kikubaaqudgha
Makhleb
Nemelex Xobeh
Okawaru
Qazlal
Ru
Sif Muna
Trog
Uskayaw
Vehumet
Wu Jian
Xom
Yredelemnul
Zin
The Shining One

Shops:
D:9 !*(

Annotations:
D:6 3 runed translucent doors, McGhostyFace's ghost, novice GnWz
D:8 1 runed translucent door, Atlas's ghost, novice DjCj


Innate Abilities, Weirdness & Mutations

You have a pair of horns on your head.
You reflexively headbutt those who attack you in melee.


Message History

Trog accepts your kill.
The orc knight hits you with a +0 great mace!
Your Fighting skill increases to level 8!
Your Shields skill increases to level 7!
You sock the orc knight!
The orc knight is lightly wounded.
You sock the orc knight!
The orc knight is moderately wounded.
You are no longer berserk.
You are exhausted.
You feel yourself slow down.
The orc knight hits you with a +0 great mace!!
* * * LOW HITPOINT WARNING * * *
You feel much better.
The orc knight hits you with a +0 great mace!!
* * * LOW HITPOINT WARNING * * *
You feel much better. You block the orc knight's attack.
The orc knight closely misses you. You furiously retaliate!
You headbutt the orc knight! You barely miss the orc knight.
You headbutt the orc knight.
The orc knight is heavily wounded.
The orc knight misses you.
You hit the orc knight but do no damage.
The orc knight is heavily wounded.
The orc knight hits you with a +0 great mace.
* * * LOW HITPOINT WARNING * * *
You completely miss the orc knight. You headbutt the orc knight.
The orc knight is heavily wounded.
The orc knight hits you with a +0 great mace!
* * * LOW HITPOINT WARNING * * *
You feel much better. The orc knight closely misses you.
You furiously retaliate!
You headbutt the orc knight. The orc knight misses you.
You closely miss the orc knight.
The orc knight is heavily wounded.
The orc knight hits you with a +0 great mace!
* * * LOW HITPOINT WARNING * * *
You feel very mighty all of a sudden.
The orc knight hits you with a +0 great mace!!
You die...

#####
#).⌠#
#@o.#
#⌠.⌠#
##+##


You could see an orc knight.

Vanquished Creatures
  A vault guard (D:13)
  2 boulder beetles
  2 two-headed ogres (D:11)
  Psyche (D:9)
  A troll (D:9)
  A hornet (D:8)
  A meliai zombie (D:6)
  Sigmund (D:2)
  A wyvern (D:9)
  16 yaks
  3 vampire mosquitoes (D:11)
  2 steam dragons (D:7)
  An acid dragon (D:7)
  A water moccasin (D:6)
  Duvessa (D:5)
  7 orc warriors
  A black bear (D:5)
  The ghost of r3xj the Skirmisher, an amateur MiBe of Trog (D:4)
  4 ogres
  3 centaurs
  A phantom (D:6)
  5 bullfrogs
  4 kobold brigands
  3 gnoll sergeants (D:9)
  2 scorpions
  A wyvern zombie (D:3)
  Dowan (D:5)
  7 killer bees (D:10)
  9 wights
  2 howler monkeys
  5 centaur zombies
  A hound (D:4)
  A gnoll shaman (D:9)
  2 jellies
  2 iguanas
  4 orc priests
  A bullfrog skeleton (D:6)
  4 orc wizards
  A hound skeleton (D:4)
  5 gnolls (D:9)
  2 adders
  A white imp (D:7)
  2 dart slugs
  23 orcs
  5 ball pythons
  9 bats
  5 endoplasms
  3 giant cockroaches
  5 hobgoblins
  11 jackals
  25 kobolds
  3 quokkas (D:1)
  2 frilled lizards (D:1)
  8 goblins
  6 rats
222 creatures vanquished.

Vanquished Creatures (others)
  11 fungi (D:9)
  9 plants (D:9)
20 creatures vanquished.

Grand Total: 242 creatures vanquished

Notes
Turn   | Place    | Note
-------+----------+-------------------------------------------
     0 | D:1      | r3xj the Minotaur Berserker began the quest for the Orb.
     0 | D:1      | Reached XP level 1. HP: 19/19 MP: 0/0
    87 | D:1      | Reached skill level 4 in Maces & Flails
    93 | D:1      | Reached XP level 2. HP: 20/26 MP: 1/1
   480 | D:1      | Reached skill level 5 in Maces & Flails
   689 | D:1      | Reached XP level 3. HP: 23/31 MP: 2/2
  1507 | D:2      | Reached ** piety under Trog
  1706 | D:2      | Noticed Sigmund
  1720 | D:2      | Killed Sigmund
  1721 | D:2      | Reached skill level 7 in Maces & Flails
  1721 | D:2      | Reached XP level 4. HP: 20/39 MP: 3/3
  1721 | D:2      | Reached XP level 5. HP: 23/45 MP: 4/4
  2177 | D:3      | Reached XP level 6. HP: 10/51 MP: 5/5
  3707 | D:4      | Found a runed translucent gate.
  3707 | D:4      | Found a runed translucent gate.
  3707 | D:4      | Found a runed translucent gate.
  3708 | D:4      | Noticed r3xj's ghost (amateur MiBe)
  3908 | D:4      | Found a blossoming altar of Fedhas.
  4044 | D:4      | Killed r3xj's ghost
  4045 | D:4      | Reached skill level 8 in Maces & Flails
  4045 | D:4      | Reached skill level 1 in Shields
  4050 | D:4      | Reached XP level 7. HP: 57/57 MP: 6/6
  4245 | D:5      | Entered Level 5 of the Dungeon
  4245 | D:5      | Noticed Duvessa
  4245 | D:5      | Noticed Dowan
  4250 | D:4      | Reached skill level 5 in Armour
  4468 | D:5      | Reached skill level 9 in Maces & Flails
  4760 | D:5      | Killed Duvessa
  4761 | D:5      | Killed Dowan
  5119 | D:5      | Found a staircase to the Ecumenical Temple.
  5314 | Temple   | Entered the Ecumenical Temple
  5724 | D:6      | Reached XP level 8. HP: 64/64 MP: 7/7
  5992 | D:6      | Found a runed translucent gate.
  5992 | D:6      | Found a runed translucent gate.
  5992 | D:6      | Found a runed translucent gate.
  5993 | D:6      | Noticed McGhostyFace's ghost (novice GnWz)
  6062 | D:6      | Reached skill level 10 in Maces & Flails
  6372 | D:6      | Reached *** piety under Trog
  6574 | D:6      | Reached skill level 11 in Maces & Flails
  6725 | D:6      | Identified the +0 halberd "Bijae" {spect, rC+}
  6894 | D:6      | Reached skill level 12 in Maces & Flails
  7631 | D:7      | Reached XP level 9. HP: 70/70 MP: 8/8
  8304 | D:7      | Reached skill level 13 in Maces & Flails
  9493 | D:8      | Found a runed translucent door.
  9658 | D:8      | Reached skill level 14 in Maces & Flails
  9676 | D:8      | Reached skill level 15 in Maces & Flails
 10496 | D:8      | Noticed Atlas's ghost (novice DjCj)
 11024 | D:9      | Found Siexzee's Distillery.
 11031 | D:9      | Bought a potion of heal wounds for 70 gold pieces
 11031 | D:9      | Bought a potion of flight for 42 gold pieces
 11031 | D:9      | Bought a potion of might for 56 gold pieces
 11031 | D:9      | Bought a potion of degeneration for 14 gold pieces
 11031 | D:9      | Bought a potion of might for 56 gold pieces
 11031 | D:9      | Bought a potion of curing for 42 gold pieces
 11051 | D:9      | Found Qollob's General Store.
 11058 | D:9      | Bought a scroll of noise for 17 gold pieces
 11058 | D:9      | Bought a scroll of teleportation for 51 gold pieces
 11188 | D:8      | Reached XP level 10. HP: 53/76 MP: 9/9
 11465 | D:9      | Noticed a boulder beetle
 11537 | D:9      | Killed a boulder beetle
 11538 | D:9      | Reached skill level 16 in Maces & Flails
 11600 | D:9      | Noticed Psyche
 11607 | D:9      | Killed Psyche
 11735 | D:9      | Found a staircase to the Lair.
 11747 | D:9      | Reached skill level 5 in Fighting
 11938 | D:9      | Found Epadetomm's Antique Weapon Emporium.
 12364 | D:9      | Found a staircase to the Orcish Mines.
 12393 | D:9      | HP: 1/82 [orc warrior (11)]
 12769 | D:9      | Reached skill level 5 in Dodging
 13324 | D:9      | Found a staircase to the Lair.
 13375 | D:9      | Found Epadetomm's Antique Weapon Emporium.
 13473 | D:9      | Found Siexzee's Distillery.
 13489 | D:9      | Found Qollob's General Store.
 13883 | D:10     | Entered Level 10 of the Dungeon
 13996 | D:10     | Reached XP level 11. HP: 84/91 MP: 10/10
 14870 | D:11     | Reached **** piety under Trog
 14871 | D:11     | Reached skill level 5 in Shields
 15280 | D:11     | Noticed a two-headed ogre
 15287 | D:11     | Killed a two-headed ogre
 15539 | D:11     | Noticed a boulder beetle
 15554 | D:11     | Killed a boulder beetle
 15597 | D:11     | Noticed a two-headed ogre
 15603 | D:11     | Killed a two-headed ogre
 16083 | D:12     | You fall into a shaft and drop 1 floor!
 16083 | D:13     | Noticed a vault guard
 16083 | D:13     | Noticed an orc knight
 16083 | D:13     | Found a gate to the Vaults.
 16101 | D:13     | Killed a vault guard
 16103 | D:13     | HP: 2/94 [orc knight (27)]
 16111 | D:13     | Mangled by an orc knight

Illustrated notes

Levels and vault maps discovered:
D:1:      minmay_arrival_checkered_box, layout_loops_ring, minmay_octomino_c4
D:2:      layout_rooms, uniq_sigmund
D:3:      layout_basic
D:4:      layout_gridville, kennysheep_mini, gammafunk_ghost_nasty_kobolds
D:5:      layout_rooms, minmay_temple_entry_fiery, uniq_duvessa
D:6:      layout_layer_cave, ebering_ghost_rock_garden,
          kennysheep_generic_room_14
D:7:      layout_layer_cave
D:8:      layout_cave_pools, ebering_ghost_reflecting_pool, sigmund_army
D:9:      layout_irregular_city, grunt_lair_entry_orc_guard_hut,
          kennysheep_orc_monster_closet_entryway, serial_shops, shop,
          nicolae_shop_trees, nicolae_shop_trees, uniq_psyche
D:10:     layout_roguey
D:11:     layout_loops_ring, amcnicky_mini_rare_corridor_liquid
D:12:     cheibrodos_magma_flow, layout_long_grid, uniq_nessos
D:13:     layout_rooms, grunt_vaults_entry_fortified, minmay_misc_feat_five,
          nicolae_elyvilon_peaceful_grove, uniq_snorg
Temple:   mainiacjoe_temple_trianglar_array

Skill      XL: |  1  2  3  4  5  6  7  8  9 10 11 |
---------------+----------------------------------+-----
Maces & Flails | 4 5 7 8 9 12 15 16 | 16.0
Armour         | 3 4 6 8 9 |  9.4
Shields        | 1 3 4 7 |  7.2
Fighting       | 6 8 |  8.0
Dodging        | 6 7 |  7.2

Action                   |  1- 3 |  4- 6 |  7- 9 | 10-12 || total
-------------------------+-------+-------+-------+-------++-------
Melee: Mace              |    95 |    77 |   287 |       ||   459
       Headbutt          |    18 |    17 |    69 |    68 ||   172
       Flail             |       |       |     8 |   327 ||   335
Invok: Berserk           |     2 |     1 |    10 |    11 ||    24
  Use: Scroll            |       |       |     7 |     2 ||     9
       Potion            |       |       |     2 |     4 ||     6
Armor: Animal skin       |    16 |       |       |       ||    16
       Chain mail        |    27 |    36 |    35 |       ||    98
       Ring mail         |       |       |    63 |    60 ||   123
Dodge: Dodged            |    60 |    36 |   118 |   116 ||   330
Block: Buckler           |       |     3 |    59 |    25 ||    87
       Kite shield       |       |       |       |    52 ||    52

Table legend: (Time is in decaauts)
 A = Elapsed time spent in this place.
 B = Non-inter-level travel time spent in this place.
 C = Inter-level travel time spent in this place.
 D = Time resting spent in this place.
 E = Time spent auto-exploring this place.
 F = Levels seen in this place.
 G = Mean time per level.
                   A        B        C        D        E       F      G
               +--------+--------+--------+--------+--------+-----+--------+
         Total |  16231 |  15147 |   1084 |   3872 |   9589 |  14 | 1159.4 |
       Dungeon |  15858 |  14784 |   1074 |   3872 |   9227 |  13 | 1219.8 |
        Temple |    373 |    363 |     10 |      0 |    362 |   1 |  373.0 |
               +--------+--------+--------+--------+--------+-----+--------+

Top non-repeatable levels by time:
     D:9: 2681 daAuts
     D:6: 2074 daAuts
     D:7: 1533 daAuts
     D:8: 1503 daAuts
     D:1: 1422 daAuts
    D:11: 1309 daAuts
     D:5: 1265 daAuts
     D:3: 1256 daAuts
     D:4: 1068 daAuts
    D:10: 914 daAuts
     D:2: 806 daAuts
  Temple: 373 daAuts
    D:13: 22 daAuts
